 Dungeon Crawl Stone Soup version 0.31-a0-232-gb1c03b2570 (webtiles) character file.

Game seed: 10075686904732675512

3093 qw the Skirmisher (level 9, -6/79 HPs)
             Began as a Minotaur Hexslinger on July 7, 2023.
             Was a Believer of Okawaru.
             Mangled by a hornet (10 damage)
             ... on level 7 of the Dungeon.
             The game lasted 00:02:53 (7142 turns).

qw the Skirmisher (Minotaur Hexslinger)             Turns: 7142, Time: 00:02:53

Health: -6/79      AC:  8    Str: 12    XL:     9   Next: 59%
Magic:  10/11      EV: 15    Int: 10    God:    Okawaru [**....]
Gold:   345        SH:  0    Dex: 18    Spells: 9/10 levels left

rFire   + . .        Y - +0 orcbow
rCold   + . .        (shield currently unavailable)
rNeg    . . .        j - +0 ring mail
rPois   .            (helmet restricted)
rElec   .            d - scarf {rC+ rF+}
rCorr   .            b - +0 pair of gloves
SInv    .            (no boots)
Will    .....        (no amulet)
Stlth   ++           (no ring)
HPRegen 0.33/turn    (no ring)
MPRegen 0.12/turn

%: no passive effects
@: lethally poisoned (-6 -> -10), about to teleport, heroic, slowed, very slow
A: horns 2, retaliatory headbutt
a: Renounce Religion, Heroism


You were on level 7 of the Dungeon.
You worshipped Okawaru.
Okawaru was pleased with you.
You visited 2 branches of the dungeon, and saw 8 of its levels.

You collected 345 gold pieces.


Innate Abilities, Weirdness & Mutations

You have a pair of horns on your head.
You reflexively headbutt those who attack you in melee.


   Skills:
 - Level 7.2(12.2) Fighting
 + Level 11.5(16.5) Ranged Weapons
 - Level 3.3(8.3) Armour
 - Level 4.0(9.0) Dodging
 - Level 1.0 Spellcasting
 - Level 2.0 Hexes
 - Level 4.0 Invocations


You had 9 spell levels left.
You knew the following spells:

 Your Spells              Type           Power      Damage    Failure   Level
a - Slow                  Hex            16%        N/A       30%         1

Your spell library contained the following spells:

 Spells                   Type           Power      Damage    Failure   Level
 Inner Flame              Hex/Fire       2%         N/A       80%         3
 Portal Projectile        Hex/Tloc       4%         N/A       80%         3
 Cause Fear               Hex            2%         N/A       96%         4

Inventory:

Hand Weapons
 Y - a +0 orcbow (weapon)
Armour
 b - a +0 pair of gloves (worn)
 d - a scarf of resistance (worn)
 j - a +0 ring mail (worn)
Jewellery
 c - a ring of fire
 l - a ring of fire
Wands
 a - a wand of digging (7)
Scrolls
 h - 2 scrolls of identify
 m - a scroll of fear {unknown}
 n - a scroll of revelation {unknown}
Potions
 e - a potion of might
 g - a potion of enlightenment {unknown}
 i - a potion of degeneration {unknown}
 k - 3 potions of curing

Dungeon Overview and Level Annotations

Branches:
Dungeon (7/15)             Temple (1/1) D:4

Altars:
Ashenzari
Cheibriados
Dithmenos
Elyvilon
Gozag
Hepliaklqana
Kikubaaqudgha
Makhleb
Nemelex Xobeh
Okawaru
Ru
Sif Muna
Trog
Uskayaw
Vehumet
Xom
Yredelemnul
The Shining One

Annotations:
D:3 2 transporters, 1 runed translucent door, Crazy Yiuf; qw's ghost, weakling MiHs


Message History

The hornet closely misses you.
You shoot an arrow. The arrow completely misses the hornet.
You feel very sick. The hornet barely misses you. The hornet stings you!
You feel as though you will be slow longer.
You shoot an arrow. The arrow misses the hornet.
You feel yourself speed up.
You feel sick. The hornet misses you.
The hornet stings you but does no damage.
You shoot an arrow.
The arrow hits the hornet but does no damage.
The hornet is lightly wounded.
You feel sick. The hornet barely misses you.
You shoot an arrow. The arrow barely misses the hornet.
You feel sick. The hornet stings you.
You feel yourself slow down.
You shoot an arrow. The arrow closely misses the hornet.
You feel yourself speed up.
You feel sick. The hornet misses you.
The hornet stings you but does no damage.
You shoot an arrow. The arrow hits the hornet.
The hornet is lightly wounded.
You feel sick. The hornet stings you!
You feel yourself slow down.
You shoot an arrow. The arrow hits the hornet!
The hornet is heavily wounded.
You feel sick. The hornet stings you!
You are more poisoned.
You feel as though you will be slow longer.
The hornet stings you but does no damage.
7141 ||| READING scroll of teleportation.
As you read the scroll of teleportation, it crumbles to dust.
You feel strangely unstable.
You feel very sick. The hornet barely misses you. You furiously retaliate!
You headbutt the hornet. The hornet stings you.
You feel as though you will be slow longer.
You shoot an arrow.
The arrow hits the hornet but does no damage.
The hornet is heavily wounded.
You feel sick. The hornet stings you!
You die...

#### ..# #######.##
###### .......@.#
########.....
.######.y#..........####
#.######............##
#........##.######..#####
#.######.................
#[######.##.##.###...##.#
.........##.##.....#.##.)
..######.##.##.###...####
.######.##.# ##.##


You could see a hornet.

Vanquished Creatures
  Pikel (D:7)
  Sigmund (D:5)
  Edmund (D:4)
  A water moccasin (D:5)
  Duvessa (D:4)
  A sky beast (D:6)
  A black bear (D:5)
  An orc warrior (D:6)
  2 lemures (D:7)
  2 centaurs (D:7)
  2 kobold brigands
  A phantom (D:5)
  Blork the orc (D:5)
  2 scorpions
  A bullfrog (D:6)
  2 water moccasin zombies (D:6)
  8 wights
  Dowan (D:4)
  4 bullfrog zombies (D:6)
  A centaur zombie (D:6)
  4 hounds
  A jelly (D:6)
  2 sleepcaps
  Jessica (D:2)
  An orc wizard (D:7)
  3 iguanas
  3 gnolls (D:4)
  6 adders
  A shadow imp (D:7)
  3 white imps
  A worm (D:5)
  A dart slug (D:1)
  7 orcs
  11 ball pythons
  7 endoplasms
  7 giant cockroaches
  7 goblins
  3 hobgoblins
  2 jackals (D:2)
  16 kobolds
  9 quokkas
  A bat (D:3)
  2 frilled lizards (D:1)
  A spectral hobgoblin (D:5)
135 creatures vanquished.

Notes
Turn   | Place    | Note
-------+----------+-------------------------------------------
     0 | D:1      | qw the Minotaur Hexslinger began the quest for the Orb.
     0 | D:1      | Reached XP level 1. HP: 16/16 MP: 1/1
     0 | D:1      | 0 ||| qw: Version: 0.3-a-46-gb1f654a
     0 | D:1      | 0 ||| qw: Game counter: 2821
     0 | D:1      | 0 ||| qw: Melee chars always use a shield: true
     0 | D:1      | 0 ||| qw: God list: Okawaru
     0 | D:1      | 0 ||| qw: Allow faded altars: false
     0 | D:1      | 0 ||| qw: Do Orc after clearing Dungeon:15 true
     0 | D:1      | 0 ||| qw: Do second Lair branch before Depths: true
     0 | D:1      | 0 ||| qw: Lair rune preference: random
     0 | D:1      | 0 ||| qw: Goals: Normal
     0 | D:1      | 0 ||| PLANNING D:1-11
    50 | D:1      | Reached skill level 3 in Ranged Weapons
    50 | D:1      | Reached XP level 2. HP: 23/23 MP: 2/2
   454 | D:1      | Found a faded altar of an unknown god.
   588 | D:1      | 588 ||| UPGRADING to scarf of resistance.
   593 | D:1      | 593 ||| UPGRADING to +0 leather armour.
   603 | D:1      | 603 ||| DROPPING +0 robe.
   604 | D:1      | 604 ||| UPGRADING to +0 ring mail.
   614 | D:1      | 614 ||| DROPPING +0 leather armour.
   615 | D:1      | 615 ||| READING scroll labelled MIT MOUNTI.
   616 | D:1      | 616 ||| READING 3 scrolls labelled BED DUHUKAURAI.
   617 | D:1      | 617 ||| READING scroll labelled YPTEIS BUO.
   718 | D:1      | 718 ||| DROPPING scroll of poison.
   719 | D:1      | 719 ||| DROPPING 2 scrolls of fog.
  1028 | D:2      | Reached XP level 3. HP: 29/29 MP: 3/3
  1099 | D:2      | Reached skill level 4 in Ranged Weapons
  1230 | D:2      | 1230 ||| UPGRADING to +0 pair of gloves.
  1235 | D:2      | 1235 ||| DRINKING 2 orange potions.
  1236 | D:2      | 1236 ||| DRINKING 2 golden potions.
  1237 | D:2      | 1237 ||| DROPPING potion of attraction.
  1238 | D:2      | 1238 ||| DROPPING potion of magic.
  1293 | D:3      | 1293 ||| FLEEEEING.
  1297 | D:3      | 1297 ||| FLEEEEING.
  1301 | D:3      | 1301 ||| FLEEEEING.
  1302 | D:3      | 1302 ||| FLEEEEING.
  1303 | D:3      | 1303 ||| FLEEEEING.
  1310 | D:3      | 1310 ||| FLEEEEING.
  1311 | D:3      | 1311 ||| FLEEEEING.
  1312 | D:3      | 1312 ||| FLEEEEING.
  1313 | D:3      | 1313 ||| FLEEEEING.
  1314 | D:3      | 1314 ||| FLEEEEING.
  1315 | D:3      | 1315 ||| FLEEEEING.
  1316 | D:3      | 1316 ||| FLEEEEING.
  1317 | D:3      | 1317 ||| FLEEEEING.
  1318 | D:3      | 1318 ||| FLEEEEING.
  1319 | D:3      | 1319 ||| FLEEEEING.
  1320 | D:3      | 1320 ||| FLEEEEING.
  1321 | D:3      | 1321 ||| FLEEEEING.
  1322 | D:3      | 1322 ||| FLEEEEING.
  1323 | D:3      | 1323 ||| FLEEEEING.
  1324 | D:3      | 1324 ||| FLEEEEING.
  1325 | D:3      | 1325 ||| FLEEEEING.
  1326 | D:3      | 1326 ||| FLEEEEING.
  1327 | D:3      | 1327 ||| FLEEEEING.
  1328 | D:3      | 1328 ||| FLEEEEING.
  1329 | D:3      | 1329 ||| FLEEEEING.
  1330 | D:3      | 1330 ||| FLEEEEING.
  1331 | D:3      | 1331 ||| STAIRDANCE
  1335 | D:3      | 1335 ||| STAIRDANCE
  1341 | D:3      | 1341 ||| STAIRDANCE
  1345 | D:3      | 1345 ||| STAIRDANCE
  1349 | D:3      | 1349 ||| STAIRDANCE
  1353 | D:3      | 1353 ||| STAIRDANCE
  1357 | D:3      | 1357 ||| STAIRDANCE
  1361 | D:3      | 1361 ||| STAIRDANCE
  1365 | D:3      | 1365 ||| STAIRDANCE
  1369 | D:3      | 1369 ||| STAIRDANCE
  1373 | D:3      | 1373 ||| STAIRDANCE
  1377 | D:3      | 1377 ||| STAIRDANCE
  1381 | D:3      | 1381 ||| STAIRDANCE
  1385 | D:3      | 1385 ||| STAIRDANCE
  1389 | D:3      | 1389 ||| STAIRDANCE
  1393 | D:3      | 1393 ||| STAIRDANCE
  1397 | D:3      | 1397 ||| STAIRDANCE
  1401 | D:3      | 1401 ||| STAIRDANCE
  1405 | D:3      | 1405 ||| STAIRDANCE
  1409 | D:3      | 1409 ||| STAIRDANCE
  1491 | D:2      | Noticed Jessica
  1498 | D:2      | Killed Jessica
  1499 | D:2      | Reached XP level 4. HP: 25/36 MP: 4/4
  1844 | D:3      | Found a sparkling altar of Nemelex Xobeh.
  1972 | D:3      | Found a transporter.
  1975 | D:3      | Noticed qw's ghost (weakling MiHs)
  2022 | D:3      | Found a transporter.
  2200 | D:3      | Found a runed translucent door.
  2201 | D:3      | Noticed Crazy Yiuf
  2349 | D:3      | 2349 ||| READING scroll labelled KESOYSHR FOWKOO.
  2350 | D:3      | 2350 ||| READING scroll labelled ROASKEYFEA.
  2351 | D:3      | 2351 ||| READING scroll labelled ULOSYIQIOSCH.
  2352 | D:3      | 2352 ||| DRINKING 2 grey potions.
  2353 | D:3      | 2353 ||| DRINKING 4 blue potions.
  2611 | D:4      | Noticed Duvessa
  2613 | D:4      | Noticed Dowan
  2615 | D:4      | 2615 ||| FLEEEEING.
  2625 | D:4      | HP: 4/36 [Duvessa/+0 short sword (10)]
  2626 | D:4      | 2626 ||| DRINKING 3 potions of heal wounds.
  2629 | D:4      | 2629 ||| DRINKING 2 potions of heal wounds.
  2634 | D:4      | Killed Duvessa
  2635 | D:4      | Reached skill level 6 in Ranged Weapons
  2635 | D:4      | Reached XP level 5. HP: 14/41 MP: 5/5
  2638 | D:4      | HP: 10/41 [Dowan/+0 dagger (4)]
  2639 | D:4      | 2639 ||| DRINKING potion of heal wounds.
  2641 | D:4      | Killed Dowan
  2642 | D:4      | Reached skill level 3 in Fighting
  2642 | D:4      | Reached XP level 6. HP: 36/51 MP: 6/6
  2734 | D:4      | Found a staircase to the Ecumenical Temple.
  2735 | D:4      | 2735 ||| PLANNING TEMPLE
  2735 | D:4      | 2735 ||| READING scroll labelled GAOFRONIAN.
  2736 | D:4      | 2736 ||| DRINKING 2 inky potions.
  2841 | D:4      | 2841 ||| DROPPING potion of berserk rage.
  2854 | Temple   | Entered the Ecumenical Temple
  2918 | Temple   | 2918 ||| PLANNING OKAWARU WORSHIP
  3013 | Temple   | Became a worshipper of Warmaster Okawaru
  3014 | Temple   | 3014 ||| PLANNING D:1-11
  3177 | D:4      | Noticed Edmund
  3196 | D:4      | Killed Edmund
  3387 | D:4      | 3387 ||| FLEEEEING.
  3388 | D:4      | 3388 ||| FLEEEEING.
  3389 | D:4      | 3389 ||| FLEEEEING.
  3390 | D:4      | 3390 ||| FLEEEEING.
  3391 | D:4      | 3391 ||| FLEEEEING.
  3795 | D:5      | Entered Level 5 of the Dungeon
  3796 | D:5      | 3796 ||| PLANNING SEWER
  3828 | D:5      | Noticed Blork the orc
  3836 | D:5      | Killed Blork the orc
  3837 | D:5      | Reached XP level 7. HP: 33/61 MP: 7/7
  4013 | D:5      | HP: 12/61 [water moccasin (5)]
  4015 | D:5      | Reached skill level 7 in Ranged Weapons
  4314 | D:5      | Reached * piety under Okawaru
  4315 | D:5      | Reached skill level 8 in Ranged Weapons
  4419 | D:5      | 4419 ||| RIP SEWER
  4446 | D:5      | 4446 ||| PLANNING D:1-11
  4478 | D:5      | 4478 ||| INVOKING Heroism.
  4484 | D:5      | Reached skill level 1 in Invocations
  4547 | D:5      | 4547 ||| READING scroll of brand weapon.
  4547 | D:5      | 4547 ||| BRANDING +2 sling of flaming.
  4557 | D:5      | Noticed Sigmund
  4558 | D:5      | 4558 ||| INVOKING Heroism.
  4567 | D:5      | Reached XP level 8. HP: 68/68 MP: 5/8
  4569 | D:5      | Killed Sigmund
  4570 | D:5      | Reached skill level 3 in Invocations
  4803 | D:5      | Found a hazy altar of Hepliaklqana.
  4870 | D:5      | 4870 ||| READING scroll labelled ERUHEX CIR.
  4873 | D:5      | 4873 ||| DRINKING 2 amethyst potions.
  4874 | D:5      | 4874 ||| DRINKING 2 bubbling orange potions.
  4875 | D:5      | 4875 ||| DRINKING 2 potions of curing.
  4875 | D:5      | 4875 ||| (to cure confusion)
  4876 | D:5      | 4876 ||| DRINKING 2 fuming emerald potions.
  4899 | D:5      | 4899 ||| READING 2 scrolls of identify.
  4899 | D:5      | 4899 ||| IDENTIFYING murky inky potion
  4900 | D:5      | 4900 ||| DROPPING potion of brilliance.
  4901 | D:5      | 4901 ||| DROPPING potion of ambrosia.
  4902 | D:5      | 4902 ||| DROPPING potion of lignification.
  5035 | D:6      | 5035 ||| FLEEEEING.
  5039 | D:6      | 5039 ||| FLEEEEING.
  5040 | D:6      | 5040 ||| FLEEEEING.
  5046 | D:6      | 5046 ||| FLEEEEING.
  5047 | D:6      | 5047 ||| FLEEEEING.
  5048 | D:6      | 5048 ||| FLEEEEING.
  5049 | D:6      | 5049 ||| FLEEEEING.
  5068 | D:6      | 5068 ||| INVOKING Heroism.
  5069 | D:6      | Reached skill level 9 in Ranged Weapons
  5216 | D:6      | 5216 ||| INVOKING Heroism.
  5284 | D:6      | 5284 ||| INVOKING Heroism.
  5292 | D:6      | Reached skill level 3 in Dodging
  5312 | D:6      | 5312 ||| SWAPPING to +0 orcbow.
  5313 | D:6      | 5313 ||| DROPPING +2 sling of draining.
  5368 | D:6      | Found a shimmering altar of Xom.
  5384 | D:6      | Found a shimmering altar of Xom.
  5393 | D:6      | Found a shimmering altar of Xom.
  5393 | D:6      | Found a shimmering altar of Xom.
  5409 | D:6      | Found a shimmering altar of Xom.
  5416 | D:6      | Found a shimmering altar of Xom.
  5418 | D:6      | Found a shimmering altar of Xom.
  5583 | D:6      | 5583 ||| INVOKING Heroism.
  5588 | D:6      | Reached skill level 6 in Fighting
  6001 | D:6      | Found a basalt altar of Yredelemnul.
  6085 | D:6      | Reached skill level 10 in Ranged Weapons
  6160 | D:6      | Reached XP level 9. HP: 71/78 MP: 11/11
  6232 | D:6      | 6232 ||| READING scroll labelled QICEUXZ KOLAGI.
  6407 | D:7      | 6407 ||| STAIRDANCE
  6475 | D:7      | 6475 ||| STAIRDANCE
  6477 | D:6      | 6477 ||| INVOKING Heroism.
  6480 | D:6      | HP: 12/75 [wight/+0 falchion (7)]
  6481 | D:6      | 6481 ||| DRINKING potion of heal wounds.
  6635 | D:7      | Found a broken altar of Ashenzari.
  6670 | D:7      | Noticed Pikel
  6671 | D:7      | 6671 ||| INVOKING Heroism.
  6686 | D:7      | Killed Pikel
  6686 | D:7      | Reached ** piety under Okawaru
  6687 | D:7      | Reached skill level 11 in Ranged Weapons
  6712 | D:7      | 6712 ||| Stepping ~*~*~tactically~*~*~ (outnumbered).
  6724 | D:7      | 6724 ||| INVOKING Heroism.
  6850 | D:7      | Found the +8 trident of the Octopus King {venom, rElec
                  | rPois}
  6875 | D:7      | Reached skill level 3 in Armour
  7130 | D:7      | Paralysed by a hornet for 3 turns
  7133 | D:7      | 7133 ||| INVOKING Heroism.
  7140 | D:7      | HP: 12/79 [hornet (13)]
  7141 | D:7      | 7141 ||| READING scroll of teleportation.
  7142 | D:7      | HP: 4/79 [poisoned by a hornet]
  7142 | D:7      | Mangled by a hornet

Levels and vault maps discovered:
D:1:      zaba_arrival_water, layout_loops_ring,
          shapermc_ecumenical_altar_mp_ritualfount
D:2:      layout_basic, uniq_jessica
D:3:      layout_basic, mainiacjoe_overflow_alcove_1,
          gammafunk_ghost_stat_death, uniq_crazy_yiuf_cottage
D:4:      layout_cave_pods, minmay_temple_entry_slanted, nrook_mini_backslash,
          uniq_edmund, uniq_duvessa
D:5:      layout_basic, nicolae_hepliaklqana_monster_ancestors,
          portal_sewer_entry_f, nicolae_the_louvre, uniq_blork_the_orc,
          uniq_sigmund
D:6:      layout_basic, nicolae_yredelemnul_corpse_copse,
          nicolae_xom_altar_mimics, hangedman_abyss_or_decor_stabs
D:7:      layout_loops_ring, evilmike_ruin_ashenzari, uniq_pikel
Temple:   hellmonk_temple_forest_ring

Skill      XL: |  1  2  3  4  5  6  7  8  9 |
---------------+----------------------------+-----
Ranged Weapons | 3 4 6 8 10 11 | 11.5
Fighting       | 2 3 5 6 7 |  7.2
Armour         | 2 3 |  3.3
Invocations    | 2 4 |  4.0
Dodging        | 3 4 |  4.0
Spellcasting   | |  1.0
Hexes          | |  2.0

Action                     |  1- 3 |  4- 6 |  7- 9 || total
---------------------------+-------+-------+-------++-------
   Fire: Sling             |    90 |   156 |   113 ||   359
         Orcbow            |       |       |   193 ||   193
 Invoke: Heroism           |       |       |    10 ||    10
    Use: Scroll            |     3 |     4 |     5 ||    12
         Potion            |     2 |     6 |     5 ||    13
 Armour: Ring mail         |    11 |    22 |    70 ||   103
  Dodge: Dodged            |    25 |    47 |   127 ||   199

Table legend:
 A = Non-vault XP
 B = Vault XP
 C = Vault XP percentage of total XP
 D = Non-vault monster count
 E = Vault monster count
 F = Vault count percentage of total count
                 A         B        C        D         E       F
            +---------+---------+-------+---------+---------+-------
      Total |    2632 |    1787 |  40.4 |     112 |      21 |  15.8
            +---------+---------+-------+---------+---------+-------
        D:1 |      30 |       0 |   0.0 |      15 |       0 |   0.0
        D:2 |      36 |      37 |  50.7 |      13 |       1 |   7.1
        D:3 |      26 |       0 |   0.0 |       9 |       0 |   0.0
        D:4 |     134 |     398 |  74.8 |      24 |       3 |  11.1
        D:5 |     711 |     318 |  30.9 |      13 |       9 |  40.9
        D:6 |     994 |     393 |  28.3 |      21 |       7 |  25.0
        D:7 |     701 |     641 |  47.8 |      17 |       1 |   5.6
            +---------+---------+-------+---------+---------+-------
